 Dungeon Crawl Stone Soup version 0.29.0-4-gdea44cf6ec (webtiles) character file.

Game seed: 881256767581336977

42 qw the Chopper (level 3, 0/21 HPs)
             Began as a Tengu Warper on Aug 28, 2022.
             Succumbed to an adder's poison
             ... on level 2 of the Dungeon.
             The game lasted 00:00:05 (1276 turns).

qw the Chopper (Tengu Warper)                       Turns: 1276, Time: 00:00:06

Health: 0/21       AC:  8    Str: 13    XL:     3   Next: 54%
Magic:  7/7        EV:  6    Int: 13    God:
Gold:   93         SH:  5    Dex: 19    Spells: 6/6 levels left

rFire   . . .      SeeInvis .   Y - +0 hand axe
rCold   . . .      Faith    .   (no shield)
rNeg    . . .      Spirit   .   d - +0 chain mail
rPois   .          Reflect  +   (helmet restricted)
rElec   .          Harm     .   (no cloak)
rCorr   .          Rampage  .   (no gloves)
Will    .....                   (boots unavailable)
Stlth   ..........              j - amulet of reflection
HPRegen 0.07/turn               f - +6 ring of dexterity
MPRegen 0.10/turn               (no ring)

@: lethally poisoned (0 -> -4)
A: beak, talons 3
a: no special abilities


You were on level 2 of the Dungeon.
You visited 1 branch of the dungeon, and saw 2 of its levels.

You collected 93 gold pieces.


Innate Abilities, Weirdness & Mutations

You have a beak for a mouth.
You have claws for feet.


   Skills:
 - Level 2.0 Fighting
 + Level 4.2 Axes
 - Level 1.0 Throwing
 - Level 1.1 Armour
 - Level 2.1 Dodging
 - Level 2.0 Spellcasting
 - Level 2.4 Translocations


You had 6 spell levels left.
You didn't know any spells.
Your spell library contained the following spells:

 Spells                   Type           Power      Damage    Failure   Level
 Blink                    Tloc           14%        N/A       99%         2
 Gell's Gravitas          Tloc           7%         N/A       100%        3
 Lesser Beckoning         Tloc           7%         N/A       100%        3
 Teleport Other           Tloc           7%         N/A       100%        3
 Manifold Assault         Tloc           7%         N/A       100%        5

Inventory:

Hand Weapons
 b - a +0 whip
 Y - a +0 hand axe (weapon)
Armour
 c - a scarf of invisibility
 d - a +0 chain mail (worn)
Jewellery
 f - a +6 ring of dexterity (left hand)
 j - an amulet of reflection (around neck)
Scrolls
 a - 4 scrolls of identify
Potions
 e - a potion of heal wounds {unknown}
 g - a potion of curing {unknown}
 h - a potion of berserk rage {unknown}
 k - a potion of ambrosia {unknown}

Dungeon Overview and Level Annotations

Branches:
Dungeon (2/15)

Altars:

Annotations:
D:1 2 transporters
D:2 Terence


Message History

a - 4 scrolls of identify (gained 3) Terence the Incautious comes into view.
He is wielding a +0 short sword.
Terence shouts!
An adder comes into view.
Enter note:
Enter note:
1267 ||| Stepping ~*~*~tactically~*~*~ (stealth).
The adder hisses angrily.
You barely miss Terence. You claw Terence.
Terence is moderately wounded.
You block Terence's attack.
You barely miss Terence. Your kick misses Terence.
You peck Terence, but do no damage.
Terence is moderately wounded.
You barely miss the adder. The adder bites you.
You are poisoned.
The adder poisons you! You block Terence's attack.
The adder closely misses you.
You barely miss Terence. Your peck misses Terence.
Terence is moderately wounded.
You hit the adder but do no damage.
You feel sick. Terence hits you with a +0 short sword.
The adder bites you but does no damage.
You barely miss Terence. Your peck misses Terence.
Terence is moderately wounded.
You barely miss the adder.
You feel sick. The adder bites you. Terence hits you with a +0 short sword.
The adder bites you but does no damage.
You hit Terence but do no damage.
Terence is moderately wounded.
You hit the adder.
You feel sick.
You are no longer poisoned.
You block Terence's attack. The adder bites you.
You are lethally poisoned!
The adder poisons you! Terence hits you with a +0 short sword.
You miss the adder.
The adder is moderately wounded.
You barely miss Terence.
You die...

...... ..... #.
..K.... ..... ..#
##...... #...# #.... #
....#
#...###....#.#.####.
#.#.#.......#. #..##
#............##....#
###.S@.##.............
#....@.##........ ...
#.##.#.##......## ..#
#.#.##.....#.## .##
#....#....#.#.####.
..###..#....##.#....#
#...........#.##......
........#..#.#........
...#.####..##.........
.# #. #.#...........


You could see Terence and an adder.

Vanquished Creatures
  2 adders (D:2)
  A dart slug (D:1)
  2 bats
  An endoplasm (D:2)
  A giant cockroach (D:1)
  4 goblins (D:1)
  5 hobgoblins
  A kobold (D:2)
  A rat (D:1)
18 creatures vanquished.

Notes
Turn   | Place    | Note
-------+----------+-------------------------------------------
     0 | D:1      | qw the Tengu Warper began the quest for the Orb.
     0 | D:1      | Reached XP level 1. HP: 12/12 MP: 4/4
     0 | D:1      | 0 ||| qw: Version: 0.1-a-89-g26bdef1
     0 | D:1      | 0 ||| qw: Game counter: 3324
     0 | D:1      | 0 ||| qw: Always use a shield: true
     0 | D:1      | 0 ||| qw: God list: Okawaru
     0 | D:1      | 0 ||| qw: Allow faded altars: false
     0 | D:1      | 0 ||| qw: Do Orc after D:15 true
     0 | D:1      | 0 ||| qw: Do second Lair branch before Depths: true
     0 | D:1      | 0 ||| qw: Lair rune preference: random
     0 | D:1      | 0 ||| qw: Plans: Normal
     0 | D:1      | 0 ||| PLANNING D:1-11
   369 | D:1      | Reached skill level 3 in Axes
   369 | D:1      | Reached XP level 2. HP: 17/17 MP: 6/6
   941 | D:1      | 941 ||| UPGRADING to +0 chain mail.
   951 | D:1      | 951 ||| DROPPING +0 leather armour.
   952 | D:1      | 952 ||| UPGRADING to amulet of reflection.
   957 | D:1      | 957 ||| UPGRADING to +6 ring of dexterity.
   958 | D:1      | 958 ||| DROPPING ring of magical power.
   959 | D:1      | 959 ||| READING 2 scrolls labelled EVARRY ISTRUTEE.
   960 | D:1      | 960 ||| DROPPING scroll of blinking.
   995 | D:2      | 995 ||| Stepping ~*~*~tactically~*~*~ (stealth).
  1006 | D:2      | 1006 ||| DROPPING +0 club.
  1084 | D:2      | Reached skill level 4 in Axes
  1084 | D:2      | Reached XP level 3. HP: 18/21 MP: 7/7
  1087 | D:2      | 1087 ||| Stepping ~*~*~tactically~*~*~ (stealth).
  1266 | D:2      | Noticed Terence
  1267 | D:2      | 1267 ||| Stepping ~*~*~tactically~*~*~ (stealth).
  1275 | D:2      | HP: 4/21 [adder (3)]
  1276 | D:2      | Succumbed to an adder's poison

Levels and vault maps discovered:
D:1:      spicycebolla_arrival_transporter_tutorial, layout_loops_ring
D:2:      layout_loops_cross, shapermc_ecumenical_altar_petra,
          minmay_misc_feat_secret_circle, uniq_terence

Skill      XL: |  1  2 |
---------------+-------+-----
Axes           | 3 4 |  4.2
Fighting       | |  2.0
Throwing       | |  1.0
Armour         | |  1.1
Dodging        | |  2.1
Spellcasting   | |  2.0
Translocations | |  2.4

Action                   || total
-------------------------++-------
Melee: Hand axe          ||    65
       Kick              ||    11
       Peck              ||     5
Throw: Boomerang         ||     7
  Use: Scroll            ||     1
Armor: Leather armour    ||    10
       Chain mail        ||    11
Dodge: Dodged            ||    29
Block: Other             ||     4

Table legend:
 A = Non-vault XP
 B = Vault XP
 C = Vault XP percentage of total XP
 D = Non-vault monster count
 E = Vault monster count
 F = Vault count percentage of total count
                 A         B        C        D         E       F
            +---------+---------+-------+---------+---------+-------
      Total |      60 |       0 |   0.0 |      18 |       0 |   0.0
            +---------+---------+-------+---------+---------+-------
        D:1 |      23 |       0 |   0.0 |      11 |       0 |   0.0
        D:2 |      37 |       0 |   0.0 |       7 |       0 |   0.0
            +---------+---------+-------+---------+---------+-------
